 Dungeon Sprint DCSS version 0.21.1-1-g345015f (webtiles) character file.

2168 Fang the Fighter (level 9, -12/144 HPs)
             Began as a Minotaur Berserker on Apr 30, 2018.
             Was a High Priest of Trog.
             Killed from afar by a balrug (21 damage)
             ... with a fireball
             ... in the Dungeon (Sprint V: "Ziggurat Sprint").
             The game lasted 00:02:03 (278 turns).

Fang the Fighter (Minotaur Berserker)                Turns: 278, Time: 00:02:04

Health: -12/144    AC: 18    Str: 36    XL:     9   Next: 10%
Magic:  8/8        EV: 13    Int:  4    God:    Trog [*****.]
Gold:   0          SH:  0    Dex: 10    Spells: 8/8 levels left

rFire    . . .     SeeInvis .   l - +5 demon trident
rCold    . . .     Gourm    .   (no shield)
rNeg     . . .     Faith    .   j - +5 shadow dragon scales
rPois    .         Spirit   .   (helmet restricted)
rElec    .         Reflect  .   (no cloak)
rCorr    .         Harm     .   (no gloves)
MR       .....     NoTele   +   (no boots)
Stlth    ..........             (no amulet)
HPRegen  0.34/turn              G - ring of flight
MPRegen  0.11/turn              F - +6 ring of strength

@: berserking, very quick
A: retaliatory headbutt, horns 2
a: Berserk, Trog's Hand, Brothers in Arms, Burn Spellbooks, Renounce Religion,
Evoke Flight


You were in the Dungeon.
You worshipped Trog.
Trog was extremely pleased with you.
You were not hungry.

You visited 1 branch

Inventory:

Hand Weapons
 k - a +5 executioner's axe
 l - a +5 demon trident (weapon)
Armour
 j - +5 shadow dragon scales (worn)
Jewellery
 C - the ring of Doguolopp {rN+++ Int+7 Dex+3 Slay+2}
   (You found it in the Dungeon)

   [ring of slaying]

   It affects your intelligence (+7).
   It affects your dexterity (+3).
   It affects your accuracy and damage with ranged weapons and melee attacks
   (+2).
   It renders you almost immune to negative energy.
 F - a +6 ring of strength (right hand)
 G - a ring of flight (left hand)
Wands
 x - a wand of disintegration (7)
 y - a wand of iceblast (7)
 z - a wand of acid (7)
Scrolls
 i - 4 scrolls of blinking
 m - 7 scrolls of fog
 n - a scroll of holy word
 o - 5 scrolls of identify
 p - 5 scrolls of remove curse
 q - 2 scrolls of fear
 A - a scroll of acquirement
 B - a scroll of brand weapon
Potions
 d - 10 potions of curing
 e - 10 potions of heal wounds
 f - 6 potions of haste
 g - 7 potions of magic
 h - 3 potions of berserk rage
 r - 2 potions of brilliance
 s - 2 potions of invisibility
 t - 4 potions of resistance
 u - a potion of experience
 v - 5 potions of agility
 w - 5 potions of might
Miscellaneous
 b - a phial of floods
Comestibles
 c - 7 rations


   Skills:
 + Level 14.6 Fighting
 + Level 14.1(14.8) Axes
 + Level 8.3(12.2) Polearms
 + Level 7.3 Armour
 + Level 8.0 Dodging


You had 8 spell levels left.
You didn't know any spells.

Dungeon Overview and Level Annotations

Branches:
Dungeon (1/1)

Altars:
Ashenzari
Cheibriados
Dithmenos
Elyvilon
Fedhas
Gozag
Hepliaklqana
Kikubaaqudgha
Makhleb
Nemelex Xobeh
Okawaru
Qazlal
Ru
Sif Muna
Trog
Uskayaw
Vehumet
Wu Jian
Xom
Yredelemnul
Zin
The Shining One
Beogh
Jiyva
Lugonu

Annotations:
D 1 transporter


Innate Abilities, Weirdness & Mutations

You reflexively headbutt those who attack you in melee.
You have a pair of horns on your head.


Message History

You are too injured to fight recklessly!
Unknown command.
You are too injured to fight recklessly!
Unknown command.
You are too injured to fight recklessly!
You puncture the balrug! You headbutt the balrug!
The balrug is heavily wounded.
You completely miss the balrug. You headbutt the balrug!
The balrug is severely wounded.
The balrug hits you with a demon whip.
* * * LOW HITPOINT WARNING * * *
You are engulfed in flames!!
* * * LOW HITPOINT WARNING * * *
You barely miss the balrug. Your headbutt misses the balrug.
The balrug is severely wounded.
You closely miss the balrug. You headbutt the balrug!
The balrug is almost dead.
The balrug gestures at you.
The fireball explodes!
The fireball engulfs you!
You die...

▓.....▓.....▓..©..▓
▓..©..▓..©..▓▓▓▓▓▓▓
▓▓▓▓▓▓▓▓▓▓▓▓▓▓▓▓▓▓▓
▓..8©8...▓..8©8...▓
▓..|.)...▓..:.=...▓
▓........▓..=.:...▓
▓........▓........▓
▓...))...▓...25...▓
▓.▓))..▓.▓.▓.@..▓.▓
▓...©....▓...©....▓
▓▓▓▓▓▓▓▓▓▓▓▓▓▓▓▓▓▓▓


You could see a balrug and an iron imp.

Vanquished Creatures
  4 draconians (D)
  A spriggan (D)
  A golden eye (D)
  A floating eye (D)
  An eye of draining (D)
  A black bear (D)
  A quasit (D)
  2 iron imps (D)
  An ufetubus (D)
  An adder skeleton (D)
  A leopard gecko skeleton (D)
  A leopard gecko zombie (D)
16 creatures vanquished.

Vanquished Creatures (others)
  Prince Ribbit (D)
1 creature vanquished.

Grand Total: 17 creatures vanquished

Notes
Turn   | Place    | Note
-------+----------+-------------------------------------------
     0 | D        | Found the +7 great mace "Firestarter" {inner flame, rF++}
     0 | D        | Fang the Minotaur Berserker began the quest for the Orb.
     0 | D        | Reached XP level 1. HP: 19/19 MP: 0/0
     3 | D        | Found a blossoming altar of Fedhas.
     4 | D        | Found a viscous altar of Jiyva.
     4 | D        | Found a hazy altar of Hepliaklqana.
     4 | D        | Found a transporter.
     4 | D        | Found an opulent altar of Gozag.
     4 | D        | Found an ancient bone altar of Kikubaaqudgha.
     4 | D        | Found a corrupted altar of Lugonu.
     5 | D        | Killed Prince Ribbit
    10 | D        | Found a burning altar of Makhleb.
    11 | D        | Found a stormy altar of Qazlal.
    11 | D        | Found a sacrificial altar of Ru.
    11 | D        | Found an iron altar of Okawaru.
    11 | D        | Found a deep blue altar of Sif Muna.
    11 | D        | Found a sparkling altar of Nemelex Xobeh.
    11 | D        | Found a bloodstained altar of Trog.
    79 | D        | Entered arena 2.
    79 | D        | Noticed a black bear
    79 | D        | Noticed a spriggan
    79 | D        | Found a transporter.
    83 | D        | Killed a spriggan
    83 | D        | Reached XP level 2. HP: 36/36 MP: 1/1
    83 | D        | Reached XP level 3. HP: 41/41 MP: 2/2
    83 | D        | Reached XP level 4. HP: 49/49 MP: 3/3
    83 | D        | Reached XP level 5. HP: 56/56 MP: 4/4
    85 | D        | Killed a black bear
    85 | D        | Reached skill level 5 in Armour
    91 | D        | Reached ** piety under Trog
   149 | D        | Entered arena 3.
   149 | D        | Noticed a floating eye
   149 | D        | Noticed an eye of draining
   149 | D        | Noticed a golden eye
   149 | D        | Found a transporter.
   154 | D        | Killed a floating eye
   154 | D        | Reached skill level 10 in Fighting
   154 | D        | Reached skill level 10 in Axes
   154 | D        | Reached skill level 1 in Polearms
   154 | D        | Reached skill level 5 in Dodging
   154 | D        | Reached XP level 6. HP: 67/67 MP: 5/5
   156 | D        | Killed a golden eye
   156 | D        | Reached *** piety under Trog
   168 | D        | Reached XP level 7. HP: 75/75 MP: 0/6
   195 | D        | Entered arena 4.
   195 | D        | Found a transporter.
   200 | D        | Reached **** piety under Trog
   205 | D        | Reached ***** piety under Trog
   210 | D        | Entered arena 5.
   210 | D        | Noticed a draconian
   210 | D        | Noticed a draconian
   210 | D        | Noticed a draconian
   210 | D        | Noticed a draconian
   210 | D        | Found a transporter.
   216 | D        | Killed a draconian
   219 | D        | Killed a draconian
   219 | D        | Reached XP level 8. HP: 86/86 MP: 7/7
   223 | D        | Killed a draconian
   223 | D        | Received a gift from Trog
   228 | D        | Killed a draconian
   228 | D        | Reached XP level 9. HP: 96/96 MP: 8/8
   234 | D        | Got the ring of Doguolopp {rN+++ Int+7 Dex+3 Slay+2}
   263 | D        | Entered arena 6.
   263 | D        | Noticed a balrug
   263 | D        | Found a transporter.
   278 | D        | Killed from afar by a balrug

Skill      XL: |  1  2  3  4  5  6  7  8 |
---------------+-------------------------+-----
Fighting       | 8 10 11 13 14 | 14.6
Axes           | 8 10 11 13 14 | 14.1
Armour         | 4 5 6 7 |  7.3
Dodging        | 4 5 6 7 8 |  8.0
Polearms       | 1 6 8 |  8.3

Action                   |  1- 3 |  4- 6 |  7- 9 || total
-------------------------+-------+-------+-------++-------
Melee: Demon trident     |     3 |    10 |    32 ||    45
       Headbutt          |       |     5 |    11 ||    16
Invok: Berserk           |     1 |     1 |     2 ||     4
       Burn Spellbooks   |       |     1 |     1 ||     2
  Eat: Chunk             |       |       |     1 ||     1
Armor: Shadow dragon sca |     1 |     1 |    11 ||    13
Dodge: Dodged            |     2 |     2 |    10 ||    14
